 Dungeon Crawl Stone Soup version 0.27-a0-1555-g0e7b3fb1d2 (webtiles) character file.

Game seed: 625379636103187692

76 freelancePsychic the Magician (level 4, -7/51 HPs)
             Began as a Djinni Venom Mage on July 14, 2021.
             Mangled by Crazy Yiuf (23 damage)
             ... on level 2 of the Dungeon.
             The game lasted 00:03:29 (3988 turns).

freelancePsychic the Magician (Djinni Venom Mage)   Turns: 3988, Time: 00:03:30

Health: -7/51      AC:  2    Str:  7    XL:     4   Next: 57%
Gold:   53         EV: 12    Int: 17    God:
                   SH:  0    Dex: 14

rFire    + + .     SeeInvis .   e - +0 whip (venom)
rCold    x . .     Faith    .   (no shield)
rNeg     . . .     Spirit   .   a - +0 robe
rPois    ∞         Reflect  .   (no helmet)
rElec    .         Harm     .   (no cloak)
rCorr    .         Rampage  .   (no gloves)
Will     .....                  (boots unavailable)
Stlth    ..........             (no amulet)
HPRegen  0.17/turn              (no ring)
MPRegen  0.00/turn              (no ring)

@: berserking, flying, very quick
A: sickness immunity, fire resistance 2, cold vulnerability 1, float, innate
caster, hp casting, extra vitality 1
a: no special abilities


You were on level 2 of the Dungeon.
You visited 1 branch of the dungeon, and saw 2 of its levels.

You collected 53 gold pieces.

Inventory:

Hand Weapons
 e - a +0 whip of venom (weapon)
Armour
 a - a +0 robe (worn)
Jewellery
 d - a ring of resist corrosion
Wands
 h - a wand of digging (4)
Scrolls
 b - a scroll of blinking {unknown}
 f - a scroll of enchant armour {unknown}
 i - a scroll of identify {unknown}
 j - a scroll of noise {unknown}
 k - a scroll of teleportation {unknown}
Potions
 c - a potion of curing {unknown}
 g - a potion of degeneration {unknown}


   Skills:
 + Level 2.5 Fighting
 - Level 2.1 Dodging
 - Level 1.5 Stealth
 + Level 3.2 Spellcasting


You couldn't memorise any spells.
You knew the following spells:

 Your Spells              Type           Power      Damage    Failure   Level
a - Sting                 Tmut/Pois      52%        1d5       4%          1
b - Poisonous Vapours     Pois/Air       26%        N/A       7%          2
c - Mephitic Cloud        Conj/Pois/Air  13%        N/A       14%         3
d - Olgreb's Toxic Radia  Pois           13%        N/A       41%         4
e - Shock                 Conj/Air       52%        1d6       4%          1
Your spell library was empty.

Dungeon Overview and Level Annotations

Branches:
Dungeon (2/15)

Altars:

Annotations:
D:2 Crazy Yiuf


Innate Abilities, Weirdness & Mutations

You are immune to sickness and miasma.
You are immune to poison.
Your flesh is very heat resistant. (rF++)
You are vulnerable to cold. (rC-)
You float through the air rather than walking.
You learn spells naturally, not from books.
Your magical power is your life essence.
You have superior vitality. (+4 HP)


Message History

You hit the fungus.
The fungus begins to die.
The fungus is lightly damaged.
You hit the fungus.
The fungus is lightly damaged.
A nearby fungus withers and dies.
Found a mace.
Found a runed translucent door.
Crazy Yiuf laughs, "Announcement!
Snoogle shoe hand."
You reach down and open the door.
Crazy Yiuf waves his quarterstaff at you.
Casting: Poisonous Vapours (safe; 7% risk of failure)
Confirm with . or Enter, or press ? or * to list all spells.
Aiming: Poisonous Vapours (safe; 7% risk of failure)
Press: ? - help, Dir - move target, f - Crazy Yiuf
Aim: Crazy Yiuf, wielding a +2 quarterstaff of chaos and wearing a +0 cloak Poisonous vapours surround Crazy Yiuf!
Crazy Yiuf is poisoned.
Crazy Yiuf barely misses you.
Crazy Yiuf screams, "Powder!"
Casting: Poisonous Vapours (safe; 7% risk of failure)
Confirm with . or Enter, or press ? or * to list all spells.
Aiming: Poisonous Vapours (safe; 7% risk of failure)
Press: ? - help, Dir - move target, f/p - Crazy Yiuf
Aim: Crazy Yiuf, wielding a +2 quarterstaff of chaos and wearing a +0 cloak (moderately wounded, poisoned) Poisonous vapours surround Crazy Yiuf!
Crazy Yiuf looks even sicker.
Crazy Yiuf hits you with a +2 quarterstaff of chaos.
A red film seems to cover your vision as you go berserk!
You feel yourself moving faster!
You feel mighty!
You barely miss Crazy Yiuf.
Crazy Yiuf is moderately wounded.
Crazy Yiuf says, "Lugonu chair ena!"
Crazy Yiuf hits you with a +2 quarterstaff of chaos!
You barely miss Crazy Yiuf.
Crazy Yiuf is moderately wounded.
Crazy Yiuf barely misses you.
You closely miss Crazy Yiuf.
Crazy Yiuf is moderately wounded.
You closely miss Crazy Yiuf.
Crazy Yiuf is heavily wounded.
Crazy Yiuf hits you with a +2 quarterstaff of chaos!
Space warps horribly around you!!
You die...

#####
##†##.####....
#)..# #..##.#
##### #...#
#####.# ...
#.# #'# #.#
♣.♣♣ #.# ♣♣.♣
#.# ♣g♣♣ #.#
♣♣@♣ #.# ♣♣.♣♣
#.# ♣♣.P.♣ #.#
♣)PPP♣ #.#
#))))# #.#
##))## #.#
#).).#######.#
##...........#
#############


You could see Crazy Yiuf (very poisoned).

Vanquished Creatures
  An adder (D:2)
  2 worms (D:2)
  2 dart slugs (D:1)
  5 bats
  An endoplasm (D:2)
  A giant cockroach (D:1)
  4 goblins (D:2)
  7 hobgoblins
  7 jackals
  4 kobolds
  A quokka (D:1)
  7 ball pythons
  3 frilled lizards
  9 rats
54 creatures vanquished.

Vanquished Creatures (others)
  A fungus (D:2)
  A plant (D:1)
2 creatures vanquished.

Grand Total: 56 creatures vanquished

Notes
Turn   | Place    | Note
-------+----------+-------------------------------------------
     0 | D:1      | freelancePsychic the Djinni Venom Mage began the quest for
                  | the Orb.
     0 | D:1      | Reached XP level 1. HP: 15/15 MP: 0/0
   431 | D:1      | Reached XP level 2. HP: 21/22 MP: 0/0
   453 | D:1      | Reached skill level 1 in Fighting
   825 | D:1      | Reached XP level 3. HP: 16/27 MP: 0/0
   825 | D:1      | Learned a level 1 spell: Shock
  1049 | D:1      | Found a faded altar of an unknown god.
  1752 | D:2      | Reached skill level 3 in Spellcasting
  2482 | D:2      | Reached XP level 4. HP: 18/33 MP: 0/0
  3975 | D:2      | Found a runed translucent door.
  3976 | D:2      | Noticed Crazy Yiuf
  3988 | D:2      | Mangled by Crazy Yiuf

Illustrated notes

Levels and vault maps discovered:
D:1:      roderic_crop_circles_arrival_small, layout_basic, serial_glass,
          glass_columns_a, glass_columns_a, item_on_display_a,
          item_on_display_a, feat_on_display,
          shapermc_ecumenical_altar_acropolis
D:2:      minmay_inner_zag, layout_basic, kennysheep_generic_room_3,
          uniq_crazy_yiuf_cottage

Skill      XL: |  1  2  3 |
---------------+----------+-----
Fighting       | 1 2 |  2.5
Spellcasting   | 3 |  3.2
Dodging        | |  2.1
Stealth        | |  1.5

Action                   |  1- 3 |  4- 6 || total
-------------------------+-------+-------++-------
Melee: Whip              |    45 |    23 ||    68
 Cast: Sting             |    19 |       ||    19
       Poisonous Vapours |    31 |    45 ||    76
 Stab: Sleeping          |     1 |       ||     1
Armor: Robe              |     3 |       ||     3
Dodge: Dodged            |    25 |     9 ||    34

Table legend: (Time is in decaauts)
 A = Elapsed time spent in this place.
 B = Non-inter-level travel time spent in this place.
 C = Inter-level travel time spent in this place.
 D = Time resting spent in this place.
 E = Time spent auto-exploring this place.
 F = Levels seen in this place.
 G = Mean time per level.
                   A        B        C        D        E       F      G
               +--------+--------+--------+--------+--------+-----+--------+
         Total |   3992 |   3954 |     38 |    110 |   3512 |   2 | 1996.0 |
       Dungeon |   3992 |   3954 |     38 |    110 |   3512 |   2 | 1996.0 |
               +--------+--------+--------+--------+--------+-----+--------+

Top non-repeatable levels by time:
     D:2: 2506 daAuts
     D:1: 1485 daAuts
